 Dungeon Crawl Stone Soup version 0.30-a0-371-gad7725a93e (webtiles) character file.

Game seed: 6762199733615569430

245 Lobster4 the Shooter (level 5, 0/46 HPs)
             Began as a Minotaur Hunter on Nov 23, 2022.
             Succumbed to a killer bee's poison
             ... on level 6 of the Dungeon.
             The game lasted 00:05:10 (1756 turns).

Lobster4 the Shooter (Minotaur Hunter)              Turns: 1756, Time: 00:05:10

Health: 0/46       AC:  3    Str: 14 (16) XL:     5   Next: 83%
Magic:  4/4        EV: 12    Int:  3 (6)  God:
Gold:   90         SH:  0    Dex: 13 (15) Spells: 4/4 levels left

rFire   . . .      SeeInvis .    i - +0 hand axe
rCold   . . .      Faith    .    (no shield)
rNeg    . . .      Spirit   .    c - +0 leather armour
rPois   .          Reflect  .    (helmet unavailable)
rElec   .          Harm     .    (no cloak)
rCorr   .          Rampage  .    (no gloves)
Will    +....                    (no boots)
Stlth   +.........               (no amulet)
HPRegen 0.27/turn                l - ring of willpower
MPRegen 0.09/turn                (no ring)

@: lethally poisoned (0 -> -9), invisible
A: horns 3, retaliatory headbutt, MP-powered wands
a: no special abilities


You were on level 6 of the Dungeon.
You visited 1 branch of the dungeon, and saw 4 of its levels.

You collected 110 gold pieces.
You spent 20 gold pieces at shops.

Inventory:

Hand Weapons
 a - a +0 shortbow
 i - a +0 hand axe (weapon)
Missiles
 e - 9 stones
 g - 4 boomerangs
 n - 3 poisoned darts
Armour
 c - a +0 leather armour (worn)
 j - a +0 ring mail
Jewellery
 f - a ring of flight
 l - a ring of willpower (left hand)
 p - an amulet of the acrobat
Wands
 d - a wand of flame (6)
Scrolls
 b - a scroll of immolation
Potions
 q - a potion of cancellation


   Skills:
 + Level 4.1 Fighting
 + Level 5.5 Ranged Weapons
 - Level 1.0 Throwing
 + Level 2.8 Armour
 - Level 3.0 Dodging
 - Level 1.0 Stealth
 + Level 1.5 Evocations


You had 4 spell levels left.
You didn't know any spells.
Your spell library was empty.

Dungeon Overview and Level Annotations

Branches:
Dungeon (6/15)
 Temple: D:4-7

Altars:

Shops:
D:2 **[

Annotations:
D:2 1 runed translucent door, Crazy Yiuf
D:6 exclusion: bullfrog


Innate Abilities, Weirdness & Mutations

You have a pair of large horns on your head.
You reflexively headbutt those who attack you in melee.
You expend magic power (3 MP) to strengthen your wands.


Message History

You are poisoned.
The killer bee poisons you! The killer bee barely misses you.
The killer bee stings you.
You are more poisoned.
The killer bee poisons you!
You closely miss the killer bee.
The killer bee is heavily wounded.
* * * LOW HITPOINT WARNING * * *
You feel very sick.
The killer bee stings you but does no damage.
The killer bee closely misses you.
It was a potion of invisibility.
You fade into invisibility!
You feel sick. The killer bee closely misses you. x2
You hit the killer bee but do no damage.
You headbutt the killer bee, but do no damage.
The killer bee is heavily wounded.
You feel sick. The killer bee closely misses you.
The killer bee barely misses you.
The hound pauses to sniff the ground.
The killer bee closely misses you.
You strike the helpless killer bee from behind!
You hit the killer bee. You headbutt the killer bee.
The killer bee is severely wounded.
You feel sick. The killer bee completely misses you. You furiously retaliate!
You headbutt the killer bee, but do no damage.
The killer bee misses you. You furiously retaliate!
You headbutt the killer bee. The killer bee stings you.
* * * LOW HITPOINT WARNING * * *
You are lethally poisoned!
The killer bee poisons you!
You hit the killer bee.
You kill the killer bee!
* * * LOW HITPOINT WARNING * * *
You feel very sick.
Your Fighting skill increases to level 4!
It was a potion of degeneration.
There was something very wrong with that liquid.
You feel weakened.
You feel dopey.
You feel clumsy.
You die...

## ###.######
###@#.##...### #
#.h##.#####..## ##.
#..#..# ###.#### ...#
#..#..# #.....###
F...##..#..# ##.###....
#.........# #..# ###..
##........# #..# #..
#(F.#.....#####.## #..
.F.###...##..#...#####..#


You could see a hound.

Vanquished Creatures
  A bullfrog (D:6)
  3 killer bees (D:6)
  2 dart slugs (D:2)
  3 endoplasms
  A giant cockroach (D:1)
  8 goblins
  4 hobgoblins
  4 kobolds
  3 quokkas
  5 ball pythons (D:1)
  4 bats
  2 frilled lizards
  6 rats
46 creatures vanquished.

Notes
Turn   | Place    | Note
-------+----------+-------------------------------------------
     0 | D:1      | Lobster4 the Minotaur Hunter began the quest for the Orb.
     0 | D:1      | Reached XP level 1. HP: 18/18 MP: 0/0
   155 | D:1      | Reached skill level 1 in Stealth
   156 | D:1      | Reached XP level 2. HP: 22/25 MP: 1/1
   317 | D:1      | Reached skill level 1 in Armour
   780 | D:2      | Reached XP level 3. HP: 30/30 MP: 2/2
   899 | D:2      | Found a runed translucent door.
   900 | D:2      | Noticed Crazy Yiuf
  1194 | D:2      | Found Igaaduyc's Assorted Antiques.
  1206 | D:2      | Found Higitamo's Armour Emporium.
  1213 | D:2      | Reached skill level 5 in Ranged Weapons
  1414 | D:2      | Found Nigutz's General Store.
  1422 | D:2      | Bought a scroll of identify for 20 gold pieces
  1645 | D:3      | You fall into a shaft and drop 3 floors!
  1715 | D:6      | Noticed a bullfrog
  1728 | D:6      | Noticed a killer bee
  1733 | D:6      | Noticed a killer bee
  1738 | D:6      | Noticed a killer bee
  1739 | D:6      | Killed a killer bee
  1740 | D:6      | Reached XP level 4. HP: 3/38 MP: 3/3
  1744 | D:6      | Killed a bullfrog
  1745 | D:6      | Reached skill level 1 in Throwing
  1745 | D:6      | Reached skill level 1 in Evocations
  1745 | D:6      | Reached XP level 5. HP: 26/46 MP: 4/4
  1745 | D:6      | Gained mutation: You expend magic power (3 MP) to
                  | strengthen your wands. [potion of mutation]
  1745 | D:6      | Gained mutation: You have a pair of large horns on your
                  | head. [potion of mutation]
  1755 | D:6      | HP: 2/46 [poisoned by a killer bee]
  1756 | D:6      | Succumbed to a killer bee's poison

Illustrated notes

Levels and vault maps discovered:
D:1:      psy_arrival_wood_between_worlds, layout_loops_ring
D:2:      layout_basic, serial_shops, nicolae_shop_stone, nicolae_shop_stone,
          shop, amcnicky_mini_pool_small, uniq_crazy_yiuf_cottage
D:3:      layout_basic, nicolae_overflow_two_pavilions,
          chequers_serial_rivers_micro_b
D:6:      layout_layer_cave, mainiacjoe_overflow_small_starburst

Skill      XL: |  1  2  3  4  5 |
---------------+----------------+-----
Stealth        | 1 |  1.0
Armour         | 1 2 |  2.8
Ranged Weapons | 5 |  5.5
Fighting       | 3 4 |  4.1
Throwing       | 1 |  1.0
Dodging        | 3 |  3.0
Evocations     | 1 |  1.5

Action                   |  1- 3 |  4- 6 || total
-------------------------+-------+-------++-------
Melee: Hand axe          |     3 |    12 ||    15
       Headbutt          |     1 |     2 ||     3
 Fire: Shortbow          |    84 |       ||    84
  Use: Scroll            |     2 |       ||     2
       Potion            |     1 |     5 ||     6
 Stab: Invisible         |       |     1 ||     1
Armor: Leather armour    |    13 |     1 ||    14
Dodge: Dodged            |    34 |    23 ||    57

Table legend: (Time is in decaauts)
 A = Elapsed time spent in this place.
 B = Non-inter-level travel time spent in this place.
 C = Inter-level travel time spent in this place.
 D = Time resting spent in this place.
 E = Time spent auto-exploring this place.
 F = Levels seen in this place.
 G = Mean time per level.
                   A        B        C        D        E       F      G
               +--------+--------+--------+--------+--------+-----+--------+
         Total |   1783 |   1686 |     97 |      0 |   1437 |   4 |  445.8 |
       Dungeon |   1783 |   1686 |     97 |      0 |   1437 |   4 |  445.8 |
               +--------+--------+--------+--------+--------+-----+--------+

Top non-repeatable levels by time:
     D:2: 904 daAuts
     D:1: 764 daAuts
     D:6: 114 daAuts
